 Dungeon Crawl Stone Soup version 0.29.1-15-g9cfb28693d (webtiles) character file.

Game seed: 4533811687120828948

1085 Heoruswealwe the Thaumaturge (level 8, -5/41 HPs)
             Began as a Deep Elf Earth Elementalist on Mar 25, 2023.
             Was a Believer of Vehumet.
             Slain by a hornet (15 damage)
             ... while paralysed by a hornet
             ... on level 7 of the Dungeon.
             The game lasted 00:51:47 (3628 turns).

Heoruswealwe the Thaumaturge (DEEE)                 Turns: 3628, Time: 00:51:47

Health: -5/41      AC:  4    Str: 11    XL:     8   Next: 9%
Magic:  22/22      EV:  2    Int: 23    God:    Vehumet [**....]
Gold:   252        SH:  0    Dex: 15    Spells: 8/23 levels left

rFire   + . .      SeeInvis .   a - staff of earth
rCold   . . .      Faith    .   (no shield)
rNeg    . . .      Spirit   .   c - +2 robe {rF+}
rPois   .          Reflect  .   (no helmet)
rElec   .          Harm     .   (no cloak)
rCorr   .          Rampage  .   (no gloves)
Will    .....                   (no boots)
Stlth   ++........              i - amulet of magic regeneration
HPRegen 0.13/turn               k - +6 ring of strength
MPRegen 0.58/turn               (no ring)

@: paralysed, lethally poisoned (-5 -> -11)
A: no striking features
a: Renounce Religion


You were on level 7 of the Dungeon.
You worshipped Vehumet.
Vehumet was pleased with you.
You visited 2 branches of the dungeon, and saw 8 of its levels.

You collected 252 gold pieces.

Inventory:

Hand Weapons
 b - a +0 hand axe
Armour
 c - a +2 robe of fire resistance (worn)
Magical Staves
 a - a staff of earth (weapon)
 o - a staff of cold
Jewellery
 i - an amulet of magic regeneration (around neck)
 k - a +6 ring of strength (left hand)
Scrolls
 g - a scroll of amnesia
 j - 2 scrolls of noise {unknown}
 m - 2 scrolls of poison {unknown}
 p - 2 scrolls of immolation {unknown}
 q - 2 scrolls of enchant weapon {unknown}
 x - a scroll of enchant armour
Potions
 d - 6 potions of heal wounds {unknown}
 e - a potion of attraction {unknown}
 f - 3 potions of degeneration {unknown}
 h - 3 potions of curing {unknown}
 r - a potion of ambrosia {unknown}
 s - a potion of lignification {unknown}
 t - 2 potions of haste {unknown}
 u - 2 potions of magic
 w - a potion of mutation {unknown}


   Skills:
 - Level 2.4 Dodging
 - Level 2.4 Stealth
 * Level 8.4 Spellcasting
 + Level 4.6 Transmutations
 * Level 7.3 Earth Magic


You had 8 spell levels left.
You knew the following spells:

 Your Spells              Type           Power      Damage    Failure   Level
a - Sandblast             Erth           100%       2d20      1%          1
b - Stone Arrow           Conj/Erth      80%        3d12      4%          3
c - Petrify               Tmut/Erth      54%        N/A       5%          4
d - Borgnjor's Vile Clut  Necr/Erth      20%        N/A       38%         5
z - Passwall              Tmut/Erth      45%        N/A       1%          2

Your spell library contained the following spells:

 Spells                   Type           Power      Damage    Failure   Level
 Scorch                   Fire           18%        2d5       10%         2
 Shock                    Conj/Air       36%        1d5       7%          1
 Swiftness                Air            9%         N/A       21%         3
 Airstrike                Air            4%         2d(1-17)  54%         4
 Alistair's Intoxication  Tmut/Pois      13%        N/A       58%         5
 Eringya's Noxious Bog    Tmut/Pois      10%        N/A       99%         6


Dungeon Overview and Level Annotations

Branches:
Dungeon (8/15)             Temple (1/1) D:4
   Lair: D:8-11

Altars:
Ashenzari
Cheibriados
Dithmenos
Elyvilon
Fedhas
Gozag
Hepliaklqana
Nemelex Xobeh
Okawaru
Qazlal
Ru
Sif Muna
Trog
Vehumet
Wu Jian
Xom
Zin
The Shining One

Shops:
D:3 =


Message History

Found a leather armour.
You now have 252 gold pieces (gained 16).
A hornet comes into view.
A bullfrog comes into view.
The bullfrog gives a loud, deep croak!
The hornet buzzes angrily.
As you read the scroll of teleportation, it crumbles to dust.
You feel strangely unstable.
The hornet stings you but does no damage.
The hornet attacks as you move away! The hornet stings you!
You are poisoned.
You feel yourself slow down.
You feel yourself speed up.
You feel very sick. The hornet closely misses you.
Your surroundings suddenly seem different.
Found a leather armour.
You feel sick.
You feel sick.
You feel sick.
You see here a +0 leather armour.
You feel sick.
You feel sick.
You feel sick.
You feel sick.
You see here a +0 leather armour.
You feel sick.
You are no longer poisoned.
Found a scroll labelled GOUMIR UHIGERCH.
A hornet comes into view.
You see here a scroll labelled GOUMIR UHIGERCH.
j - 2 scrolls labelled GOUMIR UHIGERCH (gained 1)
You see here a +0 leather armour.
The hornet buzzes angrily.
Found a stone staircase leading up.
There is a stone staircase leading up here.
The hornet stings you.
* * * LOW HITPOINT WARNING * * *
You are poisoned.
You suddenly lose the ability to move!
You stop ascending the stairs.
You feel sick. The hornet stings you!
You die...

#.#.# #.####.#
#.#.#######....#.#
#............#.#.#
#.###.########.#.#.#
#..............#.#.#
#####.######.#.#.#.#
......# #.#.#.#.#
#####.# # #.#y#.#
#'# #.#@#.# ...
#.###.# .....
#..[..# .......
####### ...#+##..
.... ... .... ### #.
..


You could see a hornet.

Vanquished Creatures
  Sigmund (D:3)
  Eustachio (D:5)
  A gnoll sergeant (D:5)
  A scorpion (D:7)
  3 killer bees (D:7)
  A howler monkey (D:7)
  3 jellies
  An orc priest (D:3)
  A hound (D:4)
  An iguana (D:4)
  3 orc wizards
  10 gnolls
  4 adders
  3 worms
  7 orcs
  8 ball pythons
  6 bats
  24 endoplasms
  3 giant cockroaches
  6 goblins
  9 hobgoblins
  3 jackals (D:4)
  15 kobolds
  2 quokkas (D:1)
  A frilled lizard (D:1)
  8 rats
126 creatures vanquished.

Vanquished Creatures (others)
  6 fungi (D:3)
  9 toadstools (D:3)
15 creatures vanquished.

Grand Total: 141 creatures vanquished

Notes
Turn   | Place    | Note
-------+----------+-------------------------------------------
     0 | D:1      | Heoruswealwe the Deep Elf Earth Elementalist began the
                  | quest for the Orb.
     0 | D:1      | Reached XP level 1. HP: 10/10 MP: 6/6
   111 | D:1      | Reached XP level 2. HP: 15/15 MP: 1/8
   204 | D:1      | Learned a level 2 spell: Passwall
   381 | D:1      | Reached XP level 3. HP: 19/19 MP: 8/10
   495 | D:1      | Reached skill level 4 in Spellcasting
   692 | D:2      | Learned a level 3 spell: Stone Arrow
  1220 | D:2      | Reached XP level 4. HP: 24/24 MP: 10/12
  1227 | D:2      | Learned a level 4 spell: Petrify
  1377 | D:3      | Found a sacrificial altar of Ru.
  1493 | D:3      | Found a sparkling altar of Nemelex Xobeh.
  1493 | D:3      | Found a radiant altar of Vehumet.
  1501 | D:3      | Became a worshipper of Vehumet
  1586 | D:3      | Found a glowing silver altar of Zin.
  1635 | D:3      | Reached skill level 5 in Spellcasting
  1635 | D:3      | Reached XP level 5. HP: 24/28 MP: 10/14
  1675 | D:3      | Found Ucvaklyh's Jewellery Shoppe.
  1677 | D:3      | Noticed Sigmund
  1683 | D:3      | Killed Sigmund
  1684 | D:3      | Reached skill level 6 in Spellcasting
  1684 | D:3      | Reached skill level 5 in Earth Magic
  1684 | D:3      | Reached XP level 6. HP: 23/32 MP: 14/17
  1753 | D:3      | Found a shimmering altar of Xom.
  2027 | D:3      | Reached * piety under Vehumet
  2027 | D:3      | Offered knowledge of Foxfire by Vehumet.
  2102 | D:4      | Found an iron altar of Okawaru.
  2172 | D:4      | Found a shadowy altar of Dithmenos.
  2416 | D:4      | Reached XP level 7. HP: 36/36 MP: 19/19
  2420 | D:4      | Found a staircase to the Ecumenical Temple.
  2507 | Temple   | Entered the Ecumenical Temple
  2670 | D:4      | Found a shimmering blue altar of Sif Muna.
  2797 | D:4      | Reached skill level 7 in Spellcasting
  3095 | D:4      | Learned a level 5 spell: Borgnjor's Vile Clutch
  3325 | D:5      | Entered Level 5 of the Dungeon
  3325 | D:5      | Noticed Eustachio
  3330 | D:5      | Killed Eustachio
  3422 | D:5      | You fall into a shaft and drop 3 floors!
  3440 | D:7      | Reached skill level 8 in Spellcasting
  3463 | D:7      | Offered knowledge of Scorch by Vehumet.
  3464 | D:7      | Reached XP level 8. HP: 17/41 MP: 22/22
  3465 | D:7      | Reached ** piety under Vehumet
  3539 | D:7      | Noticed a hornet
  3579 | D:7      | Noticed a hornet
  3627 | D:7      | Paralysed by a hornet for 2 turns
  3628 | D:7      | Slain by a hornet

Illustrated notes

Levels and vault maps discovered:
D:1:      minmay_arrival_cross, layout_rooms, minmay_tetromino_i2
D:2:      layout_loops_corners
D:3:      cheibrodos_fertilizer, layout_rooms, zin_treasury,
          mainiacjoe_overflow_concentric_impassable,
          mainiacjoe_overflow_24_doors, nicolae_overflow_two_pavilions,
          serial_shops, shop, st_stairs_12, uniq_sigmund
D:4:      layout_loops_corners, mainiacjoe_overflow_alcove_2,
          okawaru_ov_weapons_minmay, overflow_temple_1_default,
          minmay_temple_entry_statues_fountains, minmay_circle_x
D:5:      layout_basic, lightli_temple_of_fire, uniq_eustachio
D:7:      layout_basic, minmay_manual_monolith
D:8:      layout_rooms, kiku_gazebo_pond_becter
Temple:   nicolae_temple_bog_church

Skill      XL: |  1  2  3  4  5  6  7 |
---------------+----------------------+-----
Earth Magic    | 4 5 6 7 |  7.3
Spellcasting   | 4 5 6 8 |  8.4
Transmutations | 2 3 4 |  4.6
Dodging        | |  2.4
Stealth        | |  2.4

Action                   |  1- 3 |  4- 6 |  7- 9 || total
-------------------------+-------+-------+-------++-------
Melee: Staff             |       |    20 |       ||    20
       Punch             |       |     2 |       ||     2
 Cast: Sandblast         |    61 |    55 |    46 ||   162
       Passwall          |     1 |       |       ||     1
  Use: Scroll            |       |     5 |     7 ||    12
Armor: Robe              |     1 |       |     2 ||     3
Dodge: Dodged            |     7 |     8 |     8 ||    23
